[Event "Early-Titled-Tuesday-Blitz-January-30-2024"]
[Site "Chess.com"]
[Date "2024.01.30"]
[Round "2"]
[White "treadstone_71"]
[Black "ri4mi"]
[Result "0-1"]
[WhiteElo "2266"]
[BlackElo "2533"]
[TimeControl "180+1"]
[EndTime "8:18:13 PST"]
[Termination "ri4mi won by resignation"]

1. e4 Nf6 2. e5 Nd5 3. c4 Nb6 4. d4 d6 5. exd6 exd6 6. Nc3 Be7 7. Bd3 O-O 8. Nge2 Nc6 9. Be3 Bg4 10. f3 Bh5 11. O-O Bf6 12. b3 Re8 13. Bf2 Bg6 14. Bxg6 hxg6 15. Ng3 d5 16. c5 Nc8 17. a3 N8e7 18.
Qd3 Qd7 19. b4 a6 20. Rae1 Nf5 21. Nxf5 gxf5 22. Ne2 Re7 23. Nf4 Rae8 24. Rxe7 Nxe7 25. Re1 c6 26. Kf1 Ng6 27. Bg3 Nxf4 28. Bxf4 Rxe1+ 29. Kxe1 Qe6+ 30. Kf2 g6 31. a4 Kg7 32. g3 Be7 33.
b5 axb5 34. axb5 Bf6 35. h4 cxb5 36. Be3 Qa6 37. Qb3 Qc6 38. Ke2 Kf8 39. Kd3 Ke7 40. Bf4 Ke6 41. Qb1 Qa6 42. Qb3 b4+ 43. Ke3 Qc4 44.
Qb1 Bxd4+ 45. Kd2 Bc3+ 46. Ke3 Qxc5+ 47. Kd3 Qc4+ 48. Ke3 d4+ 49. Kf2 d3 50. Qd1 b3 51.
Bd2 Bxd2 0-1

[Event "Early-Titled-Tuesday-Blitz-January-30-2024"]
[Site "Chess.com"]
[Date "2024.01.30"]
[Round "2"]
[White "ferrufino64"]
[Black "lelajavakhishvili"]
[Result "0-1"]
[WhiteElo "2222"]
[BlackElo "2511"]
[TimeControl "180+1"]
[EndTime "8:18:13 PST"]
[Termination "lelajavakhishvili won by resignation"]

1. d4 Nf6 2. Nf3 e6 3. Nbd2 c5 4. e3 Nc6 5. c3 d5 6. Bd3 Bd6 7.
O-O O-O 8. dxc5 Bxc5 9. e4 b6 10. Qe2 Bb7 11. e5 Nd7 12. Nb3 Be7 13. Nbd4 a6 14. Bf4 Qc7 15. Rad1 g6 16. Bh6 Rfd8 17. Rfe1 Nc5 18. Bc2 Ne4 19. Nxc6 Bxc6 20. Qe3 a5 21. Qf4 f5 22. exf6 Qxf4 23. Bxf4 Bxf6 24. Bc7 Rdc8 25. Bxb6 Rcb8 26. Bd4 Rxb2 27. Bxe4 dxe4 28. Bxf6 exf3 29. gxf3 Bd5 30. Bd4 Rxa2 31. Kg2 a4 32. Kg3 a3 33. Rb1 Rf8 34. f4 g5 35. Be5 gxf4+ 36. Bxf4 Rc2 37. Rbc1 Rxc1 38. Rxc1 a2 39. Be5 Bc4 40. f4 Ra8 41. Ra1 Bd3 42. Kf3 Bb1 43. Ke3 Rd8 44. Bd4 Kf7 45. h3 Kg6 0-1

[Event "Early-Titled-Tuesday-Blitz-January-30-2024"]
[Site "Chess.com"]
[Date "2024.01.30"]
[Round "2"]
[White "Licancabur"]
[Black "DonJuanEGenaro"]
[Result "0-1"]
[WhiteElo "2437"]
[BlackElo "1991"]
[TimeControl "180+1"]
[EndTime "8:18:13 PST"]
[Termination "DonJuanEGenaro won on time"]

1. d4 d5 2. c4 e6 3. Nc3 c5 4. cxd5 cxd4 5. Qxd4 Nc6 6. Qd1 exd5 7. Nxd5 Be6 8. e4 Nf6 9. Bc4 Nxe4 10. Ne2 Bb4+ 11. Nxb4 Qxd1+ 12. Kxd1 Nxb4 13. Bxe6 Rd8+ 14. Nd4 Rxd4+ 15.
Ke2 fxe6 16. Be3 Rc4 17. Rac1 Rxc1 18. Rxc1 Nc6 19. f3 Nf6 20. b4 Kd7 21. b5 Nb4 22. Bxa7 Nxa2 23. Rd1+ Nd5 24. Bd4 Rc8 0-1

[Event "Early-Titled-Tuesday-Blitz-January-30-2024"]
[Site "Chess.com"]
[Date "2024.01.30"]
[Round "2"]
[White "adotand"]
[Black "GameOverBro"]
[Result "1-0"]
[WhiteElo "2847"]
[BlackElo "2567"]
[TimeControl "180+1"]
[EndTime "8:18:14 PST"]
[Termination "adotand won on time"]

1. Nf3 c5 2. e4 Nc6 3. Bc4 g6 4.
h4 h6 5. d3 Bg7 6. Nc3 e6 7. Bf4 a6 8. a4 Nge7 9. Bd6 b6 10. O-O Bb7 11. h5 g5 12. Re1 Nc8 13. Bg3 d6 14. Qd2 N8e7 15. Ba2 Qd7 16. Nd1 O-O 17.
c3 d5 18. e5 Nf5 19. d4 Nxg3 20. fxg3 f6 21. Nf2 fxe5 22. dxe5 Rf5 23. Ng4 Raf8 24. Bb1 Rxf3 25. gxf3 Rxf3 26. Kg2 d4 27. Be4 Rf5 28. Kh3 Qf7 29. Nf6+ Bxf6 30. exf6 Qxh5+ 31. Kg2 Rxf6 32. Rh1 Qf7 33. Raf1 Ne5 34. Qe1 Bxe4+ 35. Qxe4 Ng6 36. cxd4 cxd4 37. Rxf6 Qxf6 38. Rf1 Qg7 39. Qxe6+ Kh8 40.
Rf7 Qe5 41. Qxg6 Qe2+ 42. Rf2 Qe4+ 43. Qxe4 1-0

[Event "Early-Titled-Tuesday-Blitz-January-30-2024"]
[Site "Chess.com"]
[Date "2024.01.30"]
[Round "2"]
[White "Perecke"]
[Black "js20000"]
[Result "1-0"]
[WhiteElo "2565"]
[BlackElo "2786"]
[TimeControl "180+1"]
[EndTime "8:18:14 PST"]
[Termination "Perecke won by resignation"]

1. e4 c6 2. d4 d5 3. Nc3 dxe4 4. Nxe4 Nd7 5. Nf3 Ngf6 6. Nxf6+ Nxf6 7. g3 Bf5 8. Bg2 e6 9. O-O Be7 10. c4 O-O 11.
Re1 h6 12. b3 Bb4 13. Bd2 Bxd2 14. Qxd2 a5 15. Ne5 Qd6 16. Qc3 Qb4 17. Qb2 a4 18.
Re3 a3 19. Qe2 Rad8 20. Rd1 Rd6 21. Nd3 Bxd3 22. Rexd3 Rfd8 23. Qd2 Qxd2 24. R1xd2 e5 25. d5 e4 26. Rd4 cxd5 27. Kf1 Kf8 28. Ke1 Ke7 29.
cxd5 Rxd5 30. Rxd5 Rxd5 31. Re2 Rd4 32. f3 Nd5 33.
fxe4 Nc3 34. Rc2 Nxa2 35. Rxa2 Rd3 36. Rxa3 b5 37. Ke2 Rc3 38. Kd2 b4 39. Ra7+ Kf8 40.
Bf1 Rxb3 41. Bc4 Rb2+ 42. Ke3 Rc2 43. Kd3 Rxh2 44. Rxf7+ Kg8 45. Rf2+ 1-0

[Event "Early-Titled-Tuesday-Blitz-January-30-2024"]
[Site "Chess.com"]
[Date "2024.01.30"]
[Round "2"]
[White "Chernobay_Artem"]
[Black "Sanan_Sjugirov"]
[Result "0-1"]
[WhiteElo "2618"]
[BlackElo "3005"]
[TimeControl "180+1"]
[EndTime "8:18:16 PST"]
[Termination "Sanan_Sjugirov won by resignation"]

1. d4 Nf6 2. c4 e6 3. Nf3 d5 4. g3 Bb4+ 5. Bd2 Be7 6. Bg2 c6 7. Qc2 Nbd7 8. O-O b6 9. Rd1 Ba6 10. b3 O-O 11. a4 Qc8 12. a5 c5 13. Na3 Ne4 14. Bf4 Qb7 15. axb6 axb6 16. Ne5 Ndf6 17.
Nb5 Bxb5 18. cxb5 cxd4 19. Nc6 Nc3 20. Rxa8 Rxa8 21. Rxd4 Nxb5 22. Rb4 Bxb4 23. Nxb4 Qe7 24. Nc6 Qc5 25. Qxc5 bxc5 26. Bf3 Ra1+ 27. Kg2 c4 28. Be5 c3 29. e3 c2 0-1

[Event "Early-Titled-Tuesday-Blitz-January-30-2024"]
[Site "Chess.com"]
[Date "2024.01.30"]
[Round "2"]
[White "ajkom197"]
[Black "Xsu11"]
[Result "1-0"]
[WhiteElo "2551"]
[BlackElo "2334"]
[TimeControl "180+1"]
[EndTime "8:18:18 PST"]
[Termination "ajkom197 won by resignation"]

1. Nf3 g6 2. d4 Bg7 3. e3 c5 4.
c3 Nf6 5. Nbd2 b6 6. Bd3 Bb7 7. O-O O-O 8. Re1 d5 9. Qc2 Nbd7 10. e4 dxe4 11. Nxe4 cxd4 12. Nxd4 e5 13. Nb5 Nc5 14. Nxc5 bxc5 15. Bf1 e4 16. Be3 Qb6 17. Rad1 Rad8 18. b4 Nd7 19. a4 a6 20. Nd6 Ba8 21. a5 Qc6 22. b5 axb5 23. Bxb5 Qc7 24. a6 f5 25.
Qa2+ Kh8 26. Nf7+ Rxf7 27. Qxf7 Bxc3 28. Bxd7 Bxe1 29. Qf6+ Kg8 30. Be6+ 1-0

[Event "Early-Titled-Tuesday-Blitz-January-30-2024"]
[Site "Chess.com"]
[Date "2024.01.30"]
[Round "2"]
[White "Nemegejas"]
[Black "Logman74"]
[Result "1-0"]
[WhiteElo "2859"]
[BlackElo "2573"]
[TimeControl "180+1"]
[EndTime "8:18:19 PST"]
[Termination "Nemegejas won on time"]

1. d4 Nf6 2. c4 e6 3. Nf3 Bb4+ 4.
Bd2 Qe7 5. g3 Nc6 6. Nc3 O-O 7.
Bg2 d6 8. d5 exd5 9. cxd5 Ne5 10.
O-O Bg4 11. Qb3 Bxc3 12. Bxc3 Nxf3+ 13. exf3 Bc8 14. Rfe1 Qd8 15. Bxf6 Qxf6 16. Rac1 c5 17. dxc6 bxc6 18. Rxc6 Bd7 19. Rc7 Be6 20. Qa3 Qd4 21.
b3 Rac8 22. Rcc1 Rxc1 23. Qxc1 g6 24. Rd1 Qb6 25. f4 Rc8 26. Qd2 d5 27. Bf3 Rd8 28.
Qd4 Qa5 29. Rd2 h5 30. h4 Qb5 31. Qxa7 Bh3 32. Rd1 d4 33. Kh2 Bg4 34. Bxg4 hxg4 35.
Rxd4 Re8 36. Qd7 1-0

[Event "Early-Titled-Tuesday-Blitz-January-30-2024"]
[Site "Chess.com"]
[Date "2024.01.30"]
[Round "2"]
[White "TigrVShlyape"]
[Black "DvaHrasta"]
[Result "1/2-1/2"]
[WhiteElo "2920"]
[BlackElo "2526"]
[TimeControl "180+1"]
[EndTime "8:18:19 PST"]
[Termination "Game drawn by agreement"]

1. d4 Nf6 2. Bf4 d5 3. e3 e6 4. Nf3 Bd6 5. Bg3 O-O 6. c4 b6 7. Nc3 Ba6 8. Qa4 dxc4 9. Bxc4 Bb7 10. Be2 a6 11. Rd1 b5 12. Qb3 Nbd7 13. O-O Bxg3 14. hxg3 Qe7 15. a3 c5 16. dxc5 Nxc5 17. Qb4 Rfc8 18.
Rc1 Nfd7 19. Rfd1 Qf6 20. Qf4 Qxf4 21. gxf4 Nb6 22. Nd4 Kf8 23. b4 Ne4 24. Nxe4 Bxe4 25. f3 Bd5 26. Kf2 Bc4 27. Bxc4 Nxc4 28. Ra1 Nb2 29.
Rd2 Na4 30. g4 h6 31. g5 1/2-1/2

[Event "Early-Titled-Tuesday-Blitz-January-30-2024"]
[Site "Chess.com"]
[Date "2024.01.30"]
[Round "2"]
[White "blitis"]
[Black "Shield12"]
[Result "0-1"]
[WhiteElo "2623"]
[BlackElo "3009"]
[TimeControl "180+1"]
[EndTime "8:18:20 PST"]
[Termination "Shield12 won on time"]

1. e4 c5 2. Nf3 e6 3. d3 Nc6 4.
g3 d5 5. Nbd2 Bd6 6. Bg2 Nge7 7.
O-O O-O 8. c3 d4 9. Nc4 Bc7 10.
a4 e5 11. cxd4 cxd4 12. b4 f6 13. b5 Na5 14. Nxa5 Bxa5 15. Ba3 Be6 16. Rc1 Bc3 17. Nd2 Qd7 18. Nb1 Ba5 19. f4 Rfc8 20. fxe5 fxe5 21. Rxc8+ Rxc8 22. Nd2 Rc3 23. Qf3 Qe8 24. Bd6 Ng6 25. h4 Qd8 26. Nb1 Qxd6 27. Nxc3 dxc3 28.
h5 Nf8 29. Bh3 Bb3 30. h6 gxh6 31. d4 Bb6 32. Kh2 Bxd4 33. Qg4+ Kh8 34. Qc8 Bc5 35. Qxb7 c2 36. b6 axb6 37. a5 Bc4 38. Rxf8+ Qxf8 39. a6 c1=Q 0-1

[Event "Early-Titled-Tuesday-Blitz-January-30-2024"]
[Site "Chess.com"]
[Date "2024.01.30"]
[Round "2"]
[White "h4parah5"]
[Black "sergeikim"]
[Result "1-0"]
[WhiteElo "2895"]
[BlackElo "2590"]
[TimeControl "180+1"]
[EndTime "8:18:20 PST"]
[Termination "h4parah5 won by resignation"]

1. Nf3 Nf6 2. b3 g6 3. Bb2 Bg7 4. g3 d6 5. Bg2 O-O 6. d4 e5 7.
dxe5 Nfd7 8. Nc3 dxe5 9. Qd2 c6 10. O-O-O Qa5 11. Kb1 Na6 12. h4 h5 13. Ne4 Qxd2 14.
Nfxd2 Ndc5 15. Nc4 Nxe4 16. Bxe4 Bg4 17. f3 Nc5 18.
Bxg6 fxg6 19. fxg4 hxg4 20. Ba3 Ne4 21. Bxf8 Rxf8 22.
Rd7 Nc3+ 23. Kb2 Nxe2 24. Rxb7 e4+ 25. Ka3 Nxg3 26. Rg1 Rf3 27. Rxa7 e3 28. Ra8+ Bf8+ 29. Kb2 e2 30. Re8 Kf7 31. Re3 Rxe3 32. Nxe3 Nf1 33.
Ng2 Bc5 34. Rh1 Ke6 35. Nf4+ Kf5 36. Nxe2 Ne3 37. h5 1-0

[Event "Early-Titled-Tuesday-Blitz-January-30-2024"]
[Site "Chess.com"]
[Date "2024.01.30"]
[Round "2"]
[White "GMT4114"]
[Black "ljuks68"]
[Result "1-0"]
[WhiteElo "1938"]
[BlackElo "2434"]
[TimeControl "180+1"]
[EndTime "8:18:20 PST"]
[Termination "GMT4114 won on time"]

1. e4 e6 2. d4 d5 3. Nc3 Bb4 4. Ne2 Nc6 5. a3 Ba5 6. b4 Bb6 7. Bb2 Nge7 8. Qd2 O-O 9. Na4 dxe4 10. c4 a6 11. Nxb6 cxb6 12. Ng3 f5 13. Rd1 Bd7 14. Qc3 Rf6 15. Nh5 Rh6 16. Be2 Qe8 17. Nxg7 Kxg7 18. d5+ e5 19. dxc6 Nxc6 20. f4 exf3 21. Bxf3 Nd4 22.
O-O 1-0

[Event "Early-Titled-Tuesday-Blitz-January-30-2024"]
[Site "Chess.com"]
[Date "2024.01.30"]
[Round "2"]
[White "Pudor"]
[Black "NowInChess"]
[Result "1-0"]
[WhiteElo "2533"]
[BlackElo "2270"]
[TimeControl "180+1"]
[EndTime "8:18:23 PST"]
[Termination "Pudor won by checkmate"]

1. d4 Nf6 2. c4 c5 3. Nf3 cxd4 4. Nxd4 e5 5. Nb5 d5 6. cxd5 Bb4+ 7. Bd2 Bc5 8. N1c3 O-O 9. Qb3 Bf5 10. f3 a6 11. Na3 e4 12. g4 Bxg4 13. Bg5 exf3 14. O-O-O Qb6 15. Qxb6 Bxb6 16. Nc4 Bd8 17. Rg1 Nbd7 18.
exf3 Bxf3 19. Rd3 Bh5 20. Nd6 b5 21. Bh3 Nc5 22. Rdg3 h6 23. Bxh6 Bg6 24. Rxg6 fxg6 25. Rxg6 Kh7 26. Bf5 Nxd5 27. Nxd5 Rxf5 28. Rxg7+ Kxh6 29.
Nxf5+ Kh5 30. Nf4# 1-0

[Event "Early-Titled-Tuesday-Blitz-January-30-2024"]
[Site "Chess.com"]
[Date "2024.01.30"]
[Round "2"]
[White "BlackGod93"]
[Black "MightyGMpretender"]
[Result "0-1"]
[WhiteElo "2565"]
[BlackElo "2846"]
[TimeControl "180+1"]
[EndTime "8:18:24 PST"]
[Termination "MightyGMpretender won on time"]

1. d4 Nf6 2. Nf3 d5 3. g3 c6 4.
Bg2 Bf5 5. O-O h6 6. c4 e6 7. Nc3 Nbd7 8. b3 Be7 9. Bb2 O-O 10. Re1 Ne4 11. Nd2 Nxc3 12. Bxc3 Nf6 13. a4 a5 14. Qc1 Qb6 15. Qb2 Rfd8 16. e4 dxe4 17. Nxe4 Nxe4 18.
Bxe4 Bxe4 19. Rxe4 Bf6 20. Rf4 Rd7 21. h4 Rad8 22.
c5 Qc7 23. Re1 Rd5 24. Re3 R8d7 25. Ref3 Qd8 26. Qd2 Bxd4 27. Bxa5 Bxf2+ 28. Rxf2 Rxd2 29. Bxd8 Rxf2 30. Kxf2 Rxd8 31. Rb4 Rd7 32. Ke3 f6 33.
Rb6 Kf7 34. a5 Rc7 35. Kd4 e5+ 36. Kc4 Ke6 37. b4 Kf5 0-1

[Event "Early-Titled-Tuesday-Blitz-January-30-2024"]
[Site "Chess.com"]
[Date "2024.01.30"]
[Round "2"]
[White "familijatop71"]
[Black "GMaka"]
[Result "0-1"]
[WhiteElo "2260"]
[BlackElo "2528"]
[TimeControl "180+1"]
[EndTime "8:18:25 PST"]
[Termination "GMaka won by resignation"]

1. e4 c6 2. Nf3 d5 3. Nc3 Nf6 4. e5 Ne4 5. Qe2 Bf5 6. Nh4 e6 7. Nxf5 exf5 8. Nxe4 fxe4 9. d4 f5 10. Qh5+ g6 11. Qh3 Bg7 12. Be2 O-O 13. Bh6 Na6 14. Bxg7 Kxg7 15. O-O-O Qa5 16. Kb1 Nc7 17.
Qg3 Ne6 18. h4 Qd8 19. h5 Qg5 20. Qb3 b5 21. hxg6 hxg6 22. Rh3 f4 23. Rdh1 Rh8 24.
Qb4 Rxh3 25. Rxh3 Re8 26. a4 Qxg2 27. Rc3 Qxf2 28. Bg4 Qxd4 29. Qd6 Qg1+ 30. Ka2 Qxg4 31. Rxc6 Qf5 32. axb5 f3 33. b6 axb6 34. Rxb6 f2 35.
Rb7+ Kh6 36. Qd7 f1=Q 37. Qh7+ Kg5 38. Rb3 Ra8+ 39. Ra3 Rxa3+ 40. bxa3 Qc4+ 41. Kb1 Nd4 42. c3 Qb3+ 0-1

[Event "Early-Titled-Tuesday-Blitz-January-30-2024"]
[Site "Chess.com"]
[Date "2024.01.30"]
[Round "2"]
[White "SchmakAttack"]
[Black "chedimir"]
[Result "1-0"]
[WhiteElo "2742"]
[BlackElo "2365"]
[TimeControl "180+1"]
[EndTime "8:18:29 PST"]
[Termination "SchmakAttack won by resignation"]

1. d4 d5 2. c4 e6 3. Nc3 c5 4. cxd5 exd5 5. Nf3 Nc6 6. dxc5 d4 7. Na4 Bxc5 8.
Nxc5 Qa5+ 9. Bd2 Qxc5 10. Rc1 Qe7 11. e3 Nf6 12. Bb5 dxe3 13. Bxc6+ bxc6 14. Bxe3 Qb4+ 15. Qd2 Qxd2+ 16. Kxd2 Bb7 17. Rhd1 O-O 18. Nd4 Rfc8 19. Nf5 Rd8+ 20. Ke2 Rxd1 21. Rxd1 Nd5 22. Bd4 Nf4+ 23. Kf3 Ne6 24. Be3 c5+ 25. Kg3 g6 26. Nd6 Rd8 27. Rd2 Ba6 28. f3 f6 29. Ne4 Rxd2 30. Nxd2 Kf7 31.
Ne4 Bc4 32. Nd6+ 1-0

[Event "Early-Titled-Tuesday-Blitz-January-30-2024"]
[Site "Chess.com"]
[Date "2024.01.30"]
[Round "2"]
[White "ChessArchitect64"]
[Black "PepeCuenca"]
[Result "0-1"]
[WhiteElo "2165"]
[BlackElo "2684"]
[TimeControl "180+1"]
[EndTime "8:18:29 PST"]
[Termination "PepeCuenca won by resignation"]

1. d4 Nf6 2. Nf3 g6 3. e3 Bg7 4.
Bd3 d5 5. O-O c5 6. c3 O-O 7.
Nbd2 b6 8. Re1 Bb7 9. Qe2 Ne4 10. c4 Nxd2 11. Bxd2 cxd4 12. Nxd4 e5 13. Nb3 e4 14. Bc2 dxc4 15. Qxc4 Bxb2 16. Rab1 Bd5 17. Qa4 Bc6 18. Qc4 Bg7 19. Bxe4 Bxe4 20. Qxe4 Nd7 21. Bb4 Re8 22. Qd5 Ne5 23. Qxd8 Rexd8 24. Nd4 Rac8 25. Red1 h6 26. Be1 Nc4 27. a4 Rc5 28. Kf1 Rcd5 29. Bc3 Nd6 30. Rdc1 Ne4 31. Ba1 Nd2+ 32. Ke2 Nxb1 33.
Rxb1 Rc8 34. Kf3 Rc4 35. Rb5 Rxb5 36. axb5 Bxd4 37. Bxd4 Rb4 38. Ke4 Rxb5 0-1

[Event "Early-Titled-Tuesday-Blitz-January-30-2024"]
[Site "Chess.com"]
[Date "2024.01.30"]
[Round "2"]
[White "LornerAcosta"]
[Black "amintabatabaei"]
[Result "0-1"]
[WhiteElo "2430"]
[BlackElo "2944"]
[TimeControl "180+1"]
[EndTime "8:18:29 PST"]
[Termination "amintabatabaei won on time"]

1. Nf3 a6 2. c4 b5 3. b3 Bb7 4. e3 bxc4 5. bxc4 Nf6 6. Qb3 Qc8 7.
Nc3 g6 8. Be2 Bg7 9. Bb2 O-O 10.
O-O c5 11. Na4 Qc7 12. d4 cxd4 13. exd4 Nc6 14. Rac1 Rab8 15. d5 Ba8 16. Qa3 Nb4 17. Bd4 d6 18. Rfe1 Rfc8 19. h3 e5 20. dxe6 fxe6 21.
Ng5 e5 22. Be3 Qd7 23. Nb6 Rxb6 24. Bxb6 Qc6 25. Bf3 Qxb6 26. Bxa8 Rxa8 27. Ne6 Re8 28. Nxg7 Kxg7 29. Qb3 Qc5 30. Rcd1 Rf8 31. Re2 Nc6 32.
Qa4 Nd4 33. Rb2 Rf7 34. Qxa6 Ne4 35. Qb6 Qxb6 36. Rxb6 Rxf2 37. Re1 Ne2+ 38. Kh2 Nd2 39. Rb7+ Kh6 40. Kh1 Nxc4 41. a4 Nf4 42. Rg1 Ra2 43.
g4 Nxh3 44. Rg3 Ng5 0-1

[Event "Early-Titled-Tuesday-Blitz-January-30-2024"]
[Site "Chess.com"]
[Date "2024.01.30"]
[Round "2"]
[White "FGHSMN"]
[Black "Quattroporte300"]
[Result "1-0"]
[WhiteElo "2888"]
[BlackElo "2433"]
[TimeControl "180+1"]
[EndTime "8:18:29 PST"]
[Termination "FGHSMN won by resignation"]

1. b3 e5 2. Bb2 Nc6 3. c4 Nf6 4. e3 Be7 5. a3 O-O 6. Qc2 d5 7.
cxd5 Nxd5 8. Nf3 f6 9. Bd3 g6 10. h4 Kg7 11. Be4 Bg4 12. h5 Bxh5 13. Rxh5 gxh5 14.
Nh4 Rh8 15. Nf5+ Kf8 16. Nc3 Nxc3 17. Qxc3 Qd7 18. O-O-O Rd8 19. d4 Bd6 20. dxe5 fxe5 21.
f4 Qf7 22. fxe5 Be7 23. Rxd8+ Bxd8 24. e6 Qf6 25. Qxf6+ Bxf6 26. Bxf6 Rg8 27. Bxc6 bxc6 28.
e7+ Ke8 29. Ng7+ Kf7 30. e8=Q+ Rxe8 31. Nxe8 Kxe8 32. e4 Kf7 33. e5 Ke6 34. Kd2 h4 35. Kc3 h5 36. Kd4 Kf5 37. Bxh4 c5+ 38. Kd5 1-0

[Event "Early-Titled-Tuesday-Blitz-January-30-2024"]
[Site "Chess.com"]
[Date "2024.01.30"]
[Round "2"]
[White "BilodeauA"]
[Black "ProChessWICTH"]
[Result "1-0"]
[WhiteElo "3025"]
[BlackElo "2536"]
[TimeControl "180+1"]
[EndTime "8:18:30 PST"]
[Termination "BilodeauA won by resignation"]

1. e4 c5 2. Nf3 e6 3. d4 cxd4 4. Nxd4 a6 5. Nc3 b5 6. Bd3 Bb7 7. O-O d6 8. a4 b4 9. Na2 Nf6 10. Re1 Be7 11. Bd2 a5 12. c3 bxc3 13. Nxc3 O-O 14. Rc1 Nbd7 15. Ndb5 Rc8 16. Bb1 Nb6 17. Bg5 Ne8 18. Bxe7 Qxe7 19. Qd3 e5 20. Ba2 Kh8 21. Rcd1 Rd8 22. Qe3 Nc8 23. Rd2 f5 24. exf5 Rxf5 25. Bd5 Bxd5 26. Nxd5 Qf7 27. Red1 h6 28. Nbc3 Nf6 29.
Nxf6 Rxf6 30. Ne4 Rg6 31. Ng3 Qe6 32. Qc3 d5 33. Qxa5 d4 34. Qxd8+ Kh7 35. Re1 Nd6 36. Rxd4 Nf7 37. Qd5 Qb6 38. Rdd1 Ng5 39. Qxe5 h5 40.
h4 Nf7 41. Qxh5+ Nh6 42. Ne4 Rf6 1-0

[Event "Early-Titled-Tuesday-Blitz-January-30-2024"]
[Site "Chess.com"]
[Date "2024.01.30"]
[Round "2"]
[White "JimDiGrease"]
[Black "Hananmo"]
[Result "1-0"]
[WhiteElo "2941"]
[BlackElo "2515"]
[TimeControl "180+1"]
[EndTime "8:18:30 PST"]
[Termination "JimDiGrease won by resignation"]

1. d4 Nf6 2. c4 g6 3. Nc3 Bg7 4. e4 d6 5. Nf3 O-O 6. Be2 e5 7. O-O Nc6 8. Be3 Ng4 9. Bg5 f6 10. Bc1 Nh6 11. dxe5 dxe5 12. Qd5+ Nf7 13. Be3 Qe7 14.
Bc5 Qe8 15. Nb5 Be6 16. Nxc7 Bxd5 17. Nxe8 Bxe4 18. Nxg7 Rfc8 19. Ne6 Bf5 20. Nf8 b6 21. Ba3 Rxf8 22. Bxf8 Rxf8 23. Rfd1 Rc8 24. b3 Kf8 25. Rd2 Ke7 26. Rad1 Be6 27. Ne1 h6 28. Nc2 f5 29.
f3 Ng5 30. Kf2 Nf7 31. Ne3 Nd4 32. Bd3 Nd8 33. Bb1 N8c6 34. g3 a5 35. f4 Kf6 36.
fxe5+ Kxe5 37. Ng2 g5 38. Ne1 f4 39. gxf4+ gxf4 40. Nd3+ Ke4 41. Re1+ Kf5 42. Nc5+ Kf6 43. Nxe6 Nxe6 44. Rd6 Nd4 45. Be4 Rg8 46. Bd5 Ke7 47.
Rdxe6+ Nxe6 48. Rxe6+ 1-0

[Event "Early-Titled-Tuesday-Blitz-January-30-2024"]
[Site "Chess.com"]
[Date "2024.01.30"]
[Round "2"]
[White "Road2GM3000"]
[Black "GAusal"]
[Result "0-1"]
[WhiteElo "2510"]
[BlackElo "2273"]
[TimeControl "180+1"]
[EndTime "8:18:30 PST"]
[Termination "GAusal won by resignation"]

1. d4 d5 2. c4 c6 3. Nc3 dxc4 4. e4 b5 5. a4 b4 6. Na2 Nf6 7. f3 b3 8. Nc3 Ba6 9. Be3 e6 10.
Nge2 Nbd7 11. Ng3 Bb4 12. Rc1 c5 13. Be2 O-O 14. O-O cxd4 15. Bxd4 e5 16. Be3 Qe7 17. Nd5 Nxd5 18. Qxd5 Rfd8 19. Nf5 Qf6 20. f4 Rac8 21. Bxc4 Nb6 22. fxe5 Nxd5 23. exf6 Nxe3 24. Nxe3 Bc5 25. Rc3 Bxc4 26. Rf3 Bxe3+ 27. Rfxe3 Be6 28. Rg3 g6 29. Rgd3 Rxd3 30. Rxd3 h5 31. Kf2 Kf8 32. Kg3 Ke8 33. Kf4 Rc7 34. h3 a5 35. g4 hxg4 36. hxg4 Rc4 37. Rh3 Rxa4 38. Ke5 Kd7 39. Rd3+ Kc7 40.
Rc3+ Kb6 41. g5 Rb4 42. Rd3 Rb5+ 43. Kf4 a4 44. Rd6+ Kc5 45. Rd8 a3 46. bxa3 b2 0-1

[Event "Early-Titled-Tuesday-Blitz-January-30-2024"]
[Site "Chess.com"]
[Date "2024.01.30"]
[Round "2"]
[White "OhanyanEminChess"]
[Black "jaskol95"]
[Result "1-0"]
[WhiteElo "2815"]
[BlackElo "2557"]
[TimeControl "180+1"]
[EndTime "8:18:31 PST"]
[Termination "OhanyanEminChess won by checkmate"]

1. e4 d5 2. exd5 Nf6 3. Nf3 Nxd5 4. d4 c6 5. c4 Nf6 6. Nc3 Bg4 7. Be3 e6 8. h3 Bh5 9. g4 Bg6 10. Ne5 Nbd7 11.
h4 Nxe5 12. dxe5 Qxd1+ 13. Rxd1 Nxg4 14. Bf4 Bc5 15. f3 Nf2 16. Na4 Nxd1 17. Nxc5 Nxb2 18. Rh2 b6 19. Nb7 Nd3+ 20. Bxd3 Bxd3 21. Rd2 Bg6 22. Bg5 f6 23. exf6 gxf6 24. Bxf6 O-O 25. Bg5 Rxf3 26. c5 Rd3 27. Re2 Bf5 28. Rg2 bxc5 29. Nxc5 Rd5 30.
h5 Kf7 31. Be3 Rg8 32. Rb2 Rgd8 33. Rb7+ Kf6 34. Rxa7 Rd1+ 35. Kf2 Rb1 36. Nd7+ Ke7 37. Bg5+ Ke8 38. Nf6+ Kf8 39. Bh6# 1-0

[Event "Early-Titled-Tuesday-Blitz-January-30-2024"]
[Site "Chess.com"]
[Date "2024.01.30"]
[Round "2"]
[White "Baronessa08"]
[Black "GrotBchess"]
[Result "1-0"]
[WhiteElo "2537"]
[BlackElo "2288"]
[TimeControl "180+1"]
[EndTime "8:18:31 PST"]
[Termination "Baronessa08 won by resignation"]

1. c4 Nf6 2. Nc3 e6 3. e4 d5 4. e5 Ne4 5. cxd5 exd5 6. Nf3 Bf5 7. d3 Nc5 8. d4 Ne4 9. Bd3 Nc6 10. O-O Be7 11. Re1 Nxc3 12. bxc3 Bxd3 13. Qxd3 Qd7 14. Bg5 O-O 15. Bxe7 Qxe7 16. g3 Nd8 17. Nh4 Ne6 18. f4 Nxf4 19. Qf3 Ne6 20. Qxd5 c5 21. Nf5 Qg5 22. Nd6 cxd4 23. cxd4 Rad8 24. Rad1 b6 25.
Qb3 Qg6 26. Rf1 h5 27. Qe3 h4 28. d5 Ng5 29. Nf5 Rfe8 30. d6 hxg3 31. hxg3 Nh3+ 32. Kg2 Ng5 33. Ne7+ Rxe7 34. dxe7 Re8 35. Rd8 Qc6+ 36.
Kg1 Nh3+ 37. Kh2 Qc2+ 38. Kxh3 Qh7+ 39. Kg2 Qc2+ 40. Rf2 Qc6+ 41. Qf3 1-0

[Event "Early-Titled-Tuesday-Blitz-January-30-2024"]
[Site "Chess.com"]
[Date "2024.01.30"]
[Round "2"]
[White "RaulPerezGuerra"]
[Black "Predator0608"]
[Result "1-0"]
[WhiteElo "2407"]
[BlackElo "2492"]
[TimeControl "180+1"]
[EndTime "8:18:32 PST"]
[Termination "RaulPerezGuerra won by checkmate"]

1. d4 f5 2. f4 Nf6 3. Nf3 Ne4 4. e3 e6 5. Bd3 Be7 6. O-O O-O 7. c4 d5 8. Nc3 c6 9. Ne5 Nd7 10. Bxe4 fxe4 11. cxd5 cxd5 12. b3 Nxe5 13. fxe5 Bd7 14. Rxf8+ Qxf8 15. Ne2 Bg5 16. Bd2 Bb5 17. a4 Bd3 18.
Rc1 Qa3 19. Rc7 Rf8 20. h3 Rf7 21. Rc8+ Rf8 22. Rc7 Rf7 23. Rxf7 Kxf7 24. Nc1 Qb2 25. Nxd3 exd3 26. Qh5+ g6 27. Qxh7+ Kf8 28. Bb4+ Ke8 29. Qg8+ Kd7 30. Qf7+ Kd8 31. Qf8+ Kd7 32. Qd6+ Ke8 33. Qxe6+ Kd8 34. Qd6+ Kc8 35. Qf8+ Kc7 36. Qc5+ Kb8 37. Qf8+ Kc7 38. Qf7+ Kc8 39. Qe8+ Kc7 40. Bd6+ Kb6 41.
Qb5# 1-0

[Event "Early-Titled-Tuesday-Blitz-January-30-2024"]
[Site "Chess.com"]
[Date "2024.01.30"]
[Round "2"]
[White "InitiatingASC"]
[Black "baki83"]
[Result "0-1"]
[WhiteElo "2415"]
[BlackElo "2816"]
[TimeControl "180+1"]
[EndTime "8:18:33 PST"]
[Termination "baki83 won by checkmate"]

1. d4 d5 2. c4 dxc4 3. e3 Nf6 4. Bxc4 e6 5. Nc3 a6 6. Nf3 b5 7. Bb3 c5 8. O-O Bb7 9. a4 c4 10. Bc2 b4 11. Ne2 Nbd7 12. Ng3 h5 13. h4 Bd6 14.
Qe2 Qb6 15. Qxc4 Rc8 16. Qe2 O-O 17. Bd3 Bxg3 18. fxg3 Ne4 19. Kh2 Qd6 20. Qe1 a5 21. Nd2 Nef6 22. Nc4 Qd5 23. Qe2 Ng4+ 24. Kg1 Ndf6 25.
Nb6 Qd6 26. Nxc8 Qxg3 27. Ne7+ Kh8 28. Rf3 Qh2+ 29. Kf1 Qh1# 0-1